Workbook

Sheet RESUMO DA OBRA
A1: PREFEITURA MUNICIPAL DE BREVES
A2: SECRETARIA MUNICIPAL DE DESENVOLVIMENTO ECONÔMICO, PROJETOS E CONVÊNIOS
A3: OBRA: PAVIMENTAÇÃO DE VIAS URBANAS
A4: LOCAL: BAIRRO: RIACHO DOCE/SANTA CRUZ - BREVES - PA
A5: REF. DE PREÇOS: SINAPI 12/2025 - SEOP 10/2025 - ORSE - 09/2025 - NÃO DESONERADO
A6: DATA: | B6: 46037 | C6: BDI: 23,38% | D6: PRAZO:180 Dias
A7: Planilha Orçamentária Resumida
A8: Item | B8: Descrição | C8: Total | D8: Peso (%)
A9: 1 | B9: RUA ANTÔNIO FULGÊNCIO | C9: =SUM(C10:C17) -> 828703.28 | D9: =SUM(D10:D17) -> 0.7511927
A10: 1.1 | B10: SERVIÇOS PRELIMINARES | C10: ='Orçamento Sintético'!I12 -> 12009.48 | D10: =C10/$C$26 -> 0.010886205
A11: 1.2 | B11: MOVIMENTO DE TERRA | C11: ='Orçamento Sintético'!I16 -> 129870.28 | D11: =C11/$C$26 -> 0.11772321
A12: 1.3 | B12: DRENAGEM | C12: ='Orçamento Sintético'!I19 -> 147914.09 | D12: =C12/$C$26 -> 0.13407934
A13: 1.4 | B13: PAVIMENTAÇÃO EM BLOKRET | C13: ='Orçamento Sintético'!I25 -> 293381.04 | D13: =C13/$C$26 -> 0.26594042
A14: 1.5 | B14: CALÇADA PÚBLICA | C14: ='Orçamento Sintético'!I27 -> 225638.39 | D14: =C14/$C$26 -> 0.2045339
A15: 1.6 | B15: SINALIZAÇÃO VIARIA | C15: ='Orçamento Sintético'!I32 -> 4388.84 | D15: =C15/$C$26 -> 0.0039783414
A16: 1.7 | B16: DEMOLIÇÃO E EXECUÇÃO DE CALÇADA | C16: ='Orçamento Sintético'!I35 -> 12573.69 | D16: =C16/$C$26 -> 0.011397643
A17: 1.8 | B17: LIMPEZA FINAL DA OBRA | C17: ='Orçamento Sintético'!I38 -> 2927.47 | D17: =C17/$C$26 -> 0.0026536568
A18: 2 | B18: PASSAGEM PALMAZON | C18: =SUM(C19:C25) -> 274480.07 | D18: =SUM(D19:D25) -> 0.2488073
A19: 2.1 | B19: SERVIÇOS PRELIMINARES | C19: ='Orçamento Sintético'!I41 -> 6014.04 | D19: =C19/$C$26 -> 0.0054515326
A20: 2.2 | B20: MOVIMENTO DE TERRA | C20: ='Orçamento Sintético'!I45 -> 28642.51 | D20: =C20/$C$26 -> 0.025963508
A21: 2.3 | B21: DRENAGEM | C21: ='Orçamento Sintético'!I48 -> 104633.18 | D21: =C21/$C$26 -> 0.094846591
A22: 2.4 | B22: PAVIMENTAÇÃO EM BLOKRET | C22: ='Orçamento Sintético'!I54 -> 101244 | D22: =C22/$C$26 -> 0.091774409
A23: 2.5 | B23: CALÇADA PÚBLICA | C23: ='Orçamento Sintético'!I56 -> 30565.94 | D23: =C23/$C$26 -> 0.027707035
A24: 2.6 | B24: SINALIZAÇÃO VIARIA | C24: ='Orçamento Sintético'!I61 -> 2519.54 | D24: =C24/$C$26 -> 0.0022838815
A25: 2.7 | B25: LIMPEZA FINAL DA OBRA | C25: ='Orçamento Sintético'!I64 -> 860.86 | D25: =C25/$C$26 -> 0.00078034173
A26: VALOR TOTAL DA OBRA | C26: =C9+C18 -> 1103183.3 | D26: =D9+D18 -> 1

Sheet Orçamento Sintético
A2: PREFEITURA MUNICIPAL DE BREVES
A3: SECRETARIA MUNICIPAL DE DESENVOLVIMENTO ECONÔMICO, PROJETOS E CONVÊNIOS
A5: OBRA: PAVIMENTAÇÃO DE VIAS URBANAS | I5: BDI: | J5: 0.2338
A6: LOCAL: BAIRRO: RIACHO DOCE / SANTA CRUZ- BREVES - PA | I6: PRAZO DE EXECUÇÃO: | J6: 180 Dias
A7: REF. DE PREÇOS: SINAPI 12/2025 - SEOP 10/2025 - ORSE - 09/2025 - NÃO DESONERADO | H7: VALOR TOTAL: | I7: =I66 -> 1103183.3
I8: DATA: | J8: 46037
A9: ORÇAMENTO SINTÉTICO
A10: Item | B10: Código | C10: Banco | D10: Descrição | E10: Und | F10: Quant. | G10: Valor Unit | H10: Valor Unit com BDI | I10: Total | J10: Peso (%)
A11: 1 | D11: RUA ANTÔNIO FULGÊNCIO | I11: =I12+I16+I19+I25+I27+I32+I35+I38 -> 828703.28 | J11: =I11/$I$66 -> 0.7511927
A12: 1 .1 | D12: SERVIÇOS PRELIMINARES | I12: 12009.48 | J12: =I12/$I$66 -> 0.010886205
A13: 1.1 .1 | B13: 103689 | C13: SINAPI | D13: FORNECIMENTO E INSTALAÇÃO DE PLACA DE OBRA COM CHAPA GALVANIZADA E ESTRUTURA DE MADEIRA. AF_03/2022_PS | E13: m² | F13: 6 | G13: 475.04 | H13: 586.1 | I13: 3516.6 | J13: =I13/$I$66 -> 0.0031876841
A14: 1.1 .2 | B14: 98525 | C14: SINAPI | D14: LIMPEZA MECANIZADA DE CAMADA VEGETAL, VEGETAÇÃO E PEQUENAS ÁRVORES (DIÂMETRO DE TRONCO MENOR QUE 0,20 M), COM TRATOR DE ESTEIRAS. AF_03/2024 | E14: m² | F14: 3217 | G14: 0.72 | H14: 0.88 | I14: 2830.96 | J14: =I14/$I$66 -> 0.0025661736
A15: 1.1 .3 | B15: 2605 | C15: ORSE | D15: Locação de serviços de pavimentação | E15: m² | F15: 3217 | G15: 1.43 | H15: 1.76 | I15: 5661.92 | J15: =I15/$I$66 -> 0.0051323472
A16: 1.2 | D16: MOVIMENTO DE TERRA | I16: 129870.28 | J16: =I16/$I$66 -> 0.11772321
A17: 1.2.1 | B17: 030011 | C17: SEOP | D17: Aterro incluindo carga, descarga, transporte e apiloamento | E17: m³ | F17: 643.4 | G17: 156.75 | H17: 193.39 | I17: 124427.12 | J17: =I17/$I$66 -> 0.11278916
A18: 1.2.2 | B18: 96386 | C18: SINAPI | D18: EXECUÇÃO E COMPACTAÇÃO DE CORPO DE ATERRO (95% DE ENERGIA DO PROCTOR NORMAL) COM SOLO PREDOMINANTEMENTE ARENOSO ESPESSURA 15CM - EXCLUSIVE MATERIAL, ESCAVAÇÃO, CARGA E TRANSPORTE. AF_09/2024 | E18: m³ | F18: 643.4 | G18: 6.86 | H18: 8.46 | I18: 5443.16 | J18: =I18/$I$66 -> 0.0049340484
A19: 1.3 | D19: DRENAGEM | I19: 147914.09 | J19: =I19/$I$66 -> 0.13407934
A20: 1.3.1 | B20: GMS | C20: Próprio | D20: GUIA (MEIO-FIO) E SARJETA CONJUGADOS DE CONCRETO, MOLDADA IN LOCO, 45 CM BASE (15 CM BASE DA GUIA + 30 CM BASE DA SARJETA) X 22 CM ALTURA. | E20: M | F20: 694 | G20: 75.27 | H20: 92.86 | I20: 64444.84 | J20: =I20/$I$66 -> 0.058417162
A21: 1.3.2 | B21: 90106 | C21: SINAPI | D21: ESCAVAÇÃO MECANIZADA DE VALA COM PROFUNDIDADE ATÉ 1,5 M (MÉDIA MONTANTE E JUSANTE/UMA COMPOSIÇÃO POR TRECHO), RETROESCAV. (0,26 M3), LARGURA DE 0,8 M A 1,5 M, EM SOLO DE 1A CATEGORIA, LOCAIS COM BAIXO NÍVEL DE INTERFERÊNCIA. AF_09/2024 | E21: m³ | F21: 148.32 | G21: 9.02 | H21: 11.12 | I21: 1649.31 | J21: =I21/$I$66 -> 0.0014950461
A22: 1.3.3 | B22: 92214 | C22: SINAPI | D22: TUBO DE CONCRETO PARA REDES COLETORAS DE ÁGUAS PLUVIAIS, DIÂMETRO DE 800 MM, JUNTA RÍGIDA, INSTALADO EM LOCAL COM BAIXO NÍVEL DE INTERFERÊNCIAS - FORNECIMENTO E ASSENTAMENTO. AF_03/2024 | E22: M | F22: 103 | G22: 475.22 | H22: 586.32 | I22: 60390.96 | J22: =I22/$I$66 -> 0.054742451
A23: 1.3.4 | B23: CPU-22 | C23: Próprio | D23: BOCA DE LOBO EM CONCRETO ARMADO C/TAMPA - 1,20x1,20x1,50m | E23: UN | F23: 6 | G23: 2571.07 | H23: 3172.18 | I23: 19033.08 | J23: =I23/$I$66 -> 0.017252871
A24: 1.3.5 | B24: 93379 | C24: SINAPI | D24: REATERRO MECANIZADO DE VALA COM RETROESCAVADEIRA (CAPACIDADE DA CAÇAMBA DA RETRO: 0,26 M³/POTÊNCIA: 88 HP), LARGURA 0,8 A 1,5 M, PROFUNDIDADE ATÉ 1,5 M, COM SOLO (SEM SUBSTITUIÇÃO) DE 1ª CATEGORIA, COM COMPACTADOR DE SOLOS DE PERCUSSÃO AF_08/2023 | E24: m³ | F24: 96.57 | G24: 20.11 | H24: 24.81 | I24: 2395.9 | J24: =I24/$I$66 -> 0.0021718058
A25: 1.4 | D25: PAVIMENTAÇÃO EM BLOKRET | I25: 293381.04 | J25: =I25/$I$66 -> 0.26594042
A26: 1.4.1 | B26: 92394 | C26: SINAPI | D26: EXECUÇÃO DE PAVIMENTO EM PISO INTERTRAVADO, COM BLOCO SEXTAVADO DE 25 X 25 CM, ESPESSURA 8 CM. AF_10/2022 | E26: m² | F26: 2071.9 | G26: 114.77 | H26: 141.6 | I26: 293381.04 | J26: =I26/$I$66 -> 0.26594042
A27: 1.5 | D27: CALÇADA PÚBLICA | I27: 225638.39 | J27: =I27/$I$66 -> 0.2045339
A28: 1.5.1 | B28: 030011 | C28: SEOP | D28: Aterro incluindo carga, descarga, transporte e apiloamento | E28: m³ | F28: 133.25 | G28: 156.75 | H28: 193.39 | I28: 25769.21 | J28: =I28/$I$66 -> 0.023358955
A29: 1.5.2 | B29: 94990 | C29: SINAPI | D29: EXECUÇÃO DE PASSEIO (CALÇADA) OU PISO DE CONCRETO COM CONCRETO MOLDADO IN LOCO, FEITO EM OBRA, ACABAMENTO CONVENCIONAL, NÃO ARMADO. AF_08/2022 | E29: m³ | F29: 49.97 | G29: 1108.48 | H29: 1367.64 | I29: 68340.97 | J29: =I29/$I$66 -> 0.061948877
A30: 1.5.3 | B30: MGC-50 | C30: Próprio | D30: EXECUÇÃO DE MURETA GUIA PARA CONTENÇÃO COM 50 CM X 15CM DE ESPESSURA | E30: M | F30: 694 | G30: 106.91 | H30: 131.9 | I30: 91538.6 | J30: =I30/$I$66 -> 0.082976778
A31: 1.5.4 | B31: 104658 | C31: SINAPI | D31: PISO PODOTÁTIL DE ALERTA OU DIRECIONAL, DE CONCRETO, ASSENTADO SOBRE ARGAMASSA. AF_03/2024 | E31: m² | F31: 176.82 | G31: 183.31 | H31: 226.16 | I31: 39989.61 | J31: =I31/$I$66 -> 0.036249287
A32: 1.6 | D32: SINALIZAÇÃO VIARIA | I32: 4388.84 | J32: =I32/$I$66 -> 0.0039783414
A33: 1.6.1 | B33: PLI | C33: Próprio | D33: PLACA DE IDENTIFICAÇÃO NR DE RUA, DIMENSÕES DE 45x25CM, FORN. E INSTALAÇÃO | E33: PT | F33: 3 | G33: 527.03 | H33: 650.24 | I33: 1950.72 | J33: =I33/$I$66 -> 0.0017682645
A34: 1.6.2 | B34: PLS | C34: Próprio | D34: PLACA DE SINALIZAÇÃO VIÁRIA TOTALMENTE REFLEXIVA | E34: UN | F34: 4 | G34: 494.03 | H34: 609.53 | I34: 2438.12 | J34: =I34/$I$66 -> 0.0022100769
A35: 1.7 | D35: DEMOLIÇÃO E EXECUÇÃO DE CALÇADA | I35: 12573.69 | J35: =I35/$I$66 -> 0.011397643
A36: 1.7.1 | B36: 020018 | C36: SEOP | D36: Demolição manual de concreto simples | E36: m³ | F36: 6.84 | G36: 381.44 | H36: 470.62 | I36: 3219.04 | J36: =I36/$I$66 -> 0.0029179556
A37: 1.7.2 | B37: 94990 | C37: SINAPI | D37: EXECUÇÃO DE PASSEIO (CALÇADA) OU PISO DE CONCRETO COM CONCRETO MOLDADO IN LOCO, FEITO EM OBRA, ACABAMENTO CONVENCIONAL, NÃO ARMADO. AF_08/2022 | E37: m³ | F37: 6.84 | G37: 1108.48 | H37: 1367.64 | I37: 9354.65 | J37: =I37/$I$66 -> 0.0084796874
A38: 1.8 | D38: LIMPEZA FINAL DA OBRA | I38: 2927.47 | J38: =I38/$I$66 -> 0.0026536568
A39: 1.8.1 | B39: 99811 | C39: SINAPI | D39: LIMPEZA DE CONTRAPISO COM VASSOURA A SECO. AF_10/2025 | E39: m² | F39: 3217 | G39: 0.74 | H39: 0.91 | I39: 2927.47 | J39: =I39/$I$66 -> 0.0026536568
A40: 2 | D40: PASSAGEM PALMAZON | I40: =I41+I45+I48+I54+I56+I61+I64 -> 274480.07 | J40: =I40/$I$66 -> 0.2488073
A41: 2.1 | D41: SERVIÇOS PRELIMINARES | I41: 6014.04 | J41: =I41/$I$66 -> 0.0054515326
A42: 1.1 | B42: 103689 | C42: SINAPI | D42: FORNECIMENTO E INSTALAÇÃO DE PLACA DE OBRA COM CHAPA GALVANIZADA E ESTRUTURA DE MADEIRA. AF_03/2022_PS | E42: m² | F42: 6 | G42: 475.04 | H42: 586.1 | I42: 3516.6 | J42: =I42/$I$66 -> 0.0031876841
A43: 1.2 | B43: 98525 | C43: SINAPI | D43: LIMPEZA MECANIZADA DE CAMADA VEGETAL, VEGETAÇÃO E PEQUENAS ÁRVORES (DIÂMETRO DE TRONCO MENOR QUE 0,20 M), COM TRATOR DE ESTEIRAS. AF_03/2024 | E43: m² | F43: 946 | G43: 0.72 | H43: 0.88 | I43: 832.48 | J43: =I43/$I$66 -> 0.00075461618
A44: 1.3 | B44: 2605 | C44: ORSE | D44: Locação de serviços de pavimentação | E44: m² | F44: 946 | G44: 1.43 | H44: 1.76 | I44: 1664.96 | J44: =I44/$I$66 -> 0.0015092324
A45: 2.2 | D45: MOVIMENTAÇÃO DE TERRA | I45: 28642.51 | J45: =I45/$I$66 -> 0.025963508
A46: 2.2.1 | B46: 030011 | C46: SEOP | D46: Aterro incluindo carga, descarga, transporte e apiloamento | E46: m³ | F46: 141.9 | G46: 156.75 | H46: 193.39 | I46: 27442.04 | J46: =I46/$I$66 -> 0.024875321
A47: 2.2.2 | B47: 96386 | C47: SINAPI | D47: EXECUÇÃO E COMPACTAÇÃO DE CORPO DE ATERRO (95% DE ENERGIA DO PROCTOR NORMAL) COM SOLO PREDOMINANTEMENTE ARENOSO ESPESSURA 15CM - EXCLUSIVE MATERIAL, ESCAVAÇÃO, CARGA E TRANSPORTE. AF_09/2024 | E47: m³ | F47: 141.9 | G47: 6.86 | H47: 8.46 | I47: 1200.47 | J47: =I47/$I$66 -> 0.0010881872
A48: 2.3 | D48: DRENAGEM | I48: 104633.18 | J48: =I48/$I$66 -> 0.094846591
A49: 2.3.1 | B49: GMS | C49: Próprio | D49: GUIA (MEIO-FIO) E SARJETA CONJUGADOS DE CONCRETO, MOLDADA IN LOCO, 45 CM BASE (15 CM BASE DA GUIA + 30 CM BASE DA SARJETA) X 22 CM ALTURA. | E49: M | F49: 220 | G49: 75.27 | H49: 92.86 | I49: 20429.2 | J49: =I49/$I$66 -> 0.018518409
A50: 2.3.2 | B50: 90106 | C50: SINAPI | D50: ESCAVAÇÃO MECANIZADA DE VALA COM PROFUNDIDADE ATÉ 1,5 M (MÉDIA MONTANTE E JUSANTE/UMA COMPOSIÇÃO POR TRECHO), RETROESCAV. (0,26 M3), LARGURA DE 0,8 M A 1,5 M, EM SOLO DE 1A CATEGORIA, LOCAIS COM BAIXO NÍVEL DE INTERFERÊNCIA. AF_09/2024 | E50: m³ | F50: 201.6 | G50: 9.02 | H50: 11.12 | I50: 2241.79 | J50: =I50/$I$66 -> 0.0020321101
A51: 2.3.3 | B51: 92214 | C51: SINAPI | D51: TUBO DE CONCRETO PARA REDES COLETORAS DE ÁGUAS PLUVIAIS, DIÂMETRO DE 800 MM, JUNTA RÍGIDA, INSTALADO EM LOCAL COM BAIXO NÍVEL DE INTERFERÊNCIAS - FORNECIMENTO E ASSENTAMENTO. AF_03/2024 | E51: M | F51: 112 | G51: 475.22 | H51: 586.32 | I51: 65667.84 | J51: =I51/$I$66 -> 0.059525771
A52: 2.3.4 | B52: CPU-22 | C52: Próprio | D52: BOCA DE LOBO EM CONCRETO ARMADO C/TAMPA - 1,20x1,20x1,50m | E52: UN | F52: 4 | G52: 2571.07 | H52: 3172.18 | I52: 12688.72 | J52: =I52/$I$66 -> 0.011501914
A53: 2.3.5 | B53: 93379 | C53: SINAPI | D53: REATERRO MECANIZADO DE VALA COM RETROESCAVADEIRA (CAPACIDADE DA CAÇAMBA DA RETRO: 0,26 M³/POTÊNCIA: 88 HP), LARGURA 0,8 A 1,5 M, PROFUNDIDADE ATÉ 1,5 M, COM SOLO (SEM SUBSTITUIÇÃO) DE 1ª CATEGORIA, COM COMPACTADOR DE SOLOS DE PERCUSSÃO AF_08/2023 | E53: m³ | F53: 145.33 | G53: 20.11 | H53: 24.81 | I53: 3605.63 | J53: =I53/$I$66 -> 0.0032683869
A54: 2.4 | D54: PAVIMENTAÇÃO | I54: 101244 | J54: =I54/$I$66 -> 0.091774409
A55: 2.4.1 | B55: 92394 | C55: SINAPI | D55: EXECUÇÃO DE PAVIMENTO EM PISO INTERTRAVADO, COM BLOCO SEXTAVADO DE 25 X 25 CM, ESPESSURA 8 CM. AF_10/2022 | E55: m² | F55: 715 | G55: 114.77 | H55: 141.6 | I55: 101244 | J55: =I55/$I$66 -> 0.091774409
A56: 2.5 | D56: CALÇADA | I56: 30565.94 | J56: =I56/$I$66 -> 0.027707035
A57: 2.5.1 | B57: 030011 | C57: SEDOP | D57: Aterro incluindo carga, descarga, transporte e apiloamento | E57: m³ | F57: 21.12 | G57: 156.75 | H57: 193.39 | I57: 4084.39 | J57: =I57/$I$66 -> 0.0037023673
A58: 2.5.2 | B58: 94990 | C58: SINAPI | D58: EXECUÇÃO DE PASSEIO (CALÇADA) OU PISO DE CONCRETO COM CONCRETO MOLDADO IN LOCO, FEITO EM OBRA, ACABAMENTO CONVENCIONAL, NÃO ARMADO. AF_08/2022 | E58: m³ | F58: 7.92 | G58: 1108.48 | H58: 1367.64 | I58: 10931.7 | J58: =I58/$I$66 -> 0.0099092322
A59: 2.5.3 | B59: MGC - 30 | C59: Próprio | D59: EXECUÇÃO DE MURETA GUIA PARA CONTENÇÃO COM 30 CM X 15CM DE ESPESSURA | E59: M | F59: 110 | G59: 68.39 | H59: 84.37 | I59: 9280.7 | J59: =I59/$I$66 -> 0.0084126542
A60: 2.5.4 | B60: 104658 | C60: SINAPI | D60: PISO PODOTÁTIL DE ALERTA OU DIRECIONAL, DE CONCRETO, ASSENTADO SOBRE ARGAMASSA. AF_03/2024 | E60: m² | F60: 27.72 | G60: 183.31 | H60: 226.16 | I60: 6269.15 | J60: =I60/$I$66 -> 0.0056827816
A61: 2.6 | D61: SINALIZAÇÃO VIÁRIA | I61: 2519.54 | J61: =I61/$I$66 -> 0.0022838815
A62: 2.6.1 | B62: PLI | C62: Próprio | D62: PLACA DE IDENTIFICAÇÃO NR DE RUA, DIMENSÕES DE 45x25CM, FORN. E INSTALAÇÃO | E62: PT | F62: 2 | G62: 527.03 | H62: 650.24 | I62: 1300.48 | J62: =I62/$I$66 -> 0.001178843
A63: 2.6.2 | B63: PLS | C63: Próprio | D63: PLACA DE SINALIZAÇÃO VIÁRIA TOTALMENTE REFLEXIVA | E63: UN | F63: 2 | G63: 494.03 | H63: 609.53 | I63: 1219.06 | J63: =I63/$I$66 -> 0.0011050384
A64: 2.7 | D64: LIMPEZA FINAL DA OBRA | I64: 860.86 | J64: =I64/$I$66 -> 0.00078034173
A65: 2.7.1 | B65: 99811 | C65: SINAPI | D65: LIMPEZA DE CONTRAPISO COM VASSOURA A SECO. AF_04/2019 | E65: m² | F65: 946 | G65: 0.74 | H65: 0.91 | I65: 860.86 | J65: =I65/$I$66 -> 0.00078034173
A66: VALOR TOTAL DA OBRA | I66: =I11+I40 -> 1103183.3 | J66: =J11+J40 -> 1

Sheet MEMÓRIA DE CÁLCULO
A2: PREFEITURA MUNICIPAL DE BREVES
A3: SECRETARIA MUNICIPAL DE DESENVOLVIMENTO ECONÔMICO, PROJETOS E CONVÊNIOS
A5: OBRA: PAVIMENTAÇÃO DE VIAS URBANAS | I5: BDI: | J5: 0.2338
A6: LOCAL: BAIRRO: RIACHO DOCE/ SANTA CRUZ - BREVES - PA | I6: PRAZO DE EXECUÇÃO: | J6: 180 Dias
A7: REF. DE PREÇOS: SINAPI 12/2025 - SEOP 10/2025 - ORSE - 09/2025 - NÃO DESONERADO | H7: VALOR TOTAL: | I7: ='Orçamento Sintético'!I66 -> 1103183.3
I8: DATA: | J8: 46037
A10: MÉMORIA DE CÁLCULO
A11: Item | B11: Código | C11: Banco | D11: Descrição | E11: Und | F11: Quant. | G11: Memória de cálculo
A12: 1 | D12: RUA ANTÔNIO FULGÊNCIO
A13: 1 .1 | D13: SERVIÇOS PRELIMINARES
A14: 1.1 .1 | B14: 103689 | C14: SINAPI | D14: FORNECIMENTO E INSTALAÇÃO DE PLACA DE OBRA COM CHAPA GALVANIZADA E ESTRUTURA DE MADEIRA. AF_03/2022_PS | E14: m² | F14: 6 | G14: 2,00m x 3,00m
A15: 1.1 .2 | B15: 98525 | C15: SINAPI | D15: LIMPEZA MECANIZADA DE CAMADA VEGETAL, VEGETAÇÃO E PEQUENAS ÁRVORES (DIÂMETRO DE TRONCO MENOR QUE 0,20 M), COM TRATOR DE ESTEIRAS. AF_03/2024 | E15: m² | F15: 3217 | G15: (146,00m x 8,57m)+(201,00m x 9,78m)
A16: 1.1 .3 | B16: 2605 | C16: ORSE | D16: Locação de serviços de pavimentação | E16: m² | F16: 3217 | G16: (146,00m x 8,57m)+(201,00m x 9,78m)
A17: 1.2 | D17: MOVIMENTO DE TERRA
A18: 1.2.1 | B18: 030011 | C18: SEDOP | D18: Aterro incluindo carga, descarga, transporte e apiloamento | E18: m³ | F18: 643.4 | G18: [(146,00m x 8,57m)+(201,00m x 9,78m)] x 0,20m
A19: 1.2.2 | B19: 96386 | C19: SINAPI | D19: EXECUÇÃO E COMPACTAÇÃO DE CORPO DE ATERRO (95% DE ENERGIA DO PROCTOR NORMAL) COM SOLO PREDOMINANTEMENTE ARENOSO ESPESSURA 15CM - EXCLUSIVE MATERIAL, ESCAVAÇÃO, CARGA E TRANSPORTE. AF_09/2024 | E19: m³ | F19: 643.4 | G19: [(146,00m x 8,57m)+(201,00m x 9,78m)] x 0,20m
A20: 1.3 | D20: DRENAGEM
A21: 1.3.1 | B21: GMS | C21: Próprio | D21: GUIA (MEIO-FIO) E SARJETA CONJUGADOS DE CONCRETO, MOLDADA IN LOCO, 45 CM BASE (15 CM BASE DA GUIA + 30 CM BASE DA SARJETA) X 22 CM ALTURA. | E21: M | F21: 694 | G21: 347,00m x 2 lados
A22: 1.3.2 | B22: 90106 | C22: SINAPI | D22: ESCAVAÇÃO MECANIZADA DE VALA COM PROFUNDIDADE ATÉ 1,5 M (MÉDIA MONTANTE E JUSANTE/UMA COMPOSIÇÃO POR TRECHO), RETROESCAV. (0,26 M3), LARGURA DE 0,8 M A 1,5 M, EM SOLO DE 1A CATEGORIA, LOCAIS COM BAIXO NÍVEL DE INTERFERÊNCIA. AF_09/2024 | E22: m³ | F22: 148.32 | G22: (1,20m x 1,20m x 103,00m)
A23: 1.3.3 | B23: 92214 | C23: SINAPI | D23: TUBO DE CONCRETO PARA REDES COLETORAS DE ÁGUAS PLUVIAIS, DIÂMETRO DE 800 MM, JUNTA RÍGIDA, INSTALADO EM LOCAL COM BAIXO NÍVEL DE INTERFERÊNCIAS - FORNECIMENTO E ASSENTAMENTO. AF_03/2024 | E23: M | F23: 103 | G23: 103,00m
A24: 1.3.4 | B24: CPU-22 | C24: Próprio | D24: BOCA DE LOBO EM CONCRETO ARMADO C/TAMPA - 1,20x1,20x1,50m | E24: UN | F24: 6 | G24: 6,00 unidades
A25: 1.3.5 | B25: 93379 | C25: SINAPI | D25: REATERRO MECANIZADO DE VALA COM RETROESCAVADEIRA (CAPACIDADE DA CAÇAMBA DA RETRO: 0,26 M³/POTÊNCIA: 88 HP), LARGURA 0,8 A 1,5 M, PROFUNDIDADE ATÉ 1,5 M, COM SOLO (SEM SUBSTITUIÇÃO) DE 1ª CATEGORIA, COM COMPACTADOR DE SOLOS DE PERCUSSÃO AF_08/2023 | E25: m³ | F25: 96.57 | G25: (148,32m³ - 3,14 x 0,40m x 0,40m x 103,00m)
A26: 1.4 | D26: PAVIMENTAÇÃO EM BLOKRET
A27: 1.4.1 | B27: 92394 | C27: SINAPI | D27: EXECUÇÃO DE PAVIMENTO EM PISO INTERTRAVADO, COM BLOCO SEXTAVADO DE 25 X 25 CM, ESPESSURA 8 CM. AF_10/2022 | E27: m² | F27: 2071.9 | G27: (146,00m x 5,27m)+(201,00m x 6,48m)
A28: 1.5 | D28: CALÇADA PÚBLICA
A29: 1.5.1 | B29: 030011 | C29: SEDOP | D29: Aterro incluindo carga, descarga, transporte e apiloamento | E29: m³ | F29: 133.25 | G29: (347,00m x 2 lados) x 1,20m x 0,16cm
A30: 1.5.2 | B30: 94990 | C30: SINAPI | D30: EXECUÇÃO DE PASSEIO (CALÇADA) OU PISO DE CONCRETO COM CONCRETO MOLDADO IN LOCO, FEITO EM OBRA, ACABAMENTO CONVENCIONAL, NÃO ARMADO. AF_08/2022 | E30: m³ | F30: 49.97 | G30: (347,00m x 2 lados) x 1,20m x 0,06cm
A31: 1.5.3 | B31: MGC-50 | C31: Próprio | D31: EXECUÇÃO DE MURETA GUIA PARA CONTENÇÃO COM 50 CM X 15CM DE ESPESSURA | E31: M | F31: 694 | G31: (347,00m x 2 lados)
A32: 1.5.4 | B32: 104658 | C32: SINAPI | D32: PISO PODOTÁTIL DE ALERTA OU DIRECIONAL, DE CONCRETO, ASSENTADO SOBRE ARGAMASSA. AF_03/2024 | E32: m² | F32: 176.82 | G32: (75,14m²+101,68m²)
A33: 1.6 | D33: SINALIZAÇÃO VIARIA
A34: 1.6.1 | B34: PLI | C34: Próprio | D34: PLACA DE IDENTIFICAÇÃO NR DE RUA, DIMENSÕES DE 45x25CM, FORN. E INSTALAÇÃO | E34: PT | F34: 3 | G34: 3,00 pontos
A35: 1.6.2 | B35: PLS | C35: Próprio | D35: PLACA DE SINALIZAÇÃO VIÁRIA TOTALMENTE REFLEXIVA | E35: UN | F35: 4 | G35: 4,00 unidades
A36: 1.7 | D36: DEMOLIÇÃO E EXECUÇÃO DE CALÇADA
A37: 1.7.1 | B37: 020018 | C37: SEDOP | D37: Demolição manual de concreto simples | E37: m³ | F37: 6.84 | G37: 95,00m x 1,20m x 0,06m
A38: 1.7.2 | B38: 94990 | C38: SINAPI | D38: EXECUÇÃO DE PASSEIO (CALÇADA) OU PISO DE CONCRETO COM CONCRETO MOLDADO IN LOCO, FEITO EM OBRA, ACABAMENTO CONVENCIONAL, NÃO ARMADO. AF_08/2022 | E38: m³ | F38: 6.84 | G38: 95,00m x 1,20m x 0,06m
A39: 1.8 | D39: LIMPEZA FINAL DA OBRA
A40: 1.8.1 | B40: 99811 | C40: SINAPI | D40: LIMPEZA DE CONTRAPISO COM VASSOURA A SECO. AF_10/2025 | E40: m² | F40: 3217 | G40: (146,00m x 8,57m)+(201,00m x 9,78m)
A41: 2 | D41: PASSAGEM PALMAZON
A42: 2.1 | D42: SERVIÇOS PRELIMINARES
A43: 1.1 | B43: 103689 | C43: SINAPI | D43: FORNECIMENTO E INSTALAÇÃO DE PLACA DE OBRA COM CHAPA GALVANIZADA E ESTRUTURA DE MADEIRA. AF_03/2022_PS | E43: m² | F43: 6 | G43: 2,00m x 3,00m
A44: 1.2 | B44: 98525 | C44: SINAPI | D44: LIMPEZA MECANIZADA DE CAMADA VEGETAL, VEGETAÇÃO E PEQUENAS ÁRVORES (DIÂMETRO DE TRONCO MENOR QUE 0,20 M), COM TRATOR DE ESTEIRAS. AF_03/2024 | E44: m² | F44: 946 | G44: (110,00m x 8,60m)
A45: 1.3 | B45: 2605 | C45: ORSE | D45: Locação de serviços de pavimentação | E45: m² | F45: 946 | G45: (110,00m x 8,60m)
A46: 2.2 | D46: MOVIMENTAÇÃO DE TERRA
A47: 2.2.1 | B47: 030011 | C47: SEOP | D47: Aterro incluindo carga, descarga, transporte e apiloamento | E47: m³ | F47: 141.9 | G47: (110,00m x 8,60m x 0,15m)
A48: 2.2.2 | B48: 96386 | C48: SINAPI | D48: EXECUÇÃO E COMPACTAÇÃO DE CORPO DE ATERRO (95% DE ENERGIA DO PROCTOR NORMAL) COM SOLO PREDOMINANTEMENTE ARENOSO ESPESSURA 15CM - EXCLUSIVE MATERIAL, ESCAVAÇÃO, CARGA E TRANSPORTE. AF_09/2024 | E48: m³ | F48: 141.9 | G48: (110,00m x 8,60m x 0,15m)
A49: 2.3 | D49: DRENAGEM
A50: 2.3.1 | B50: 94267 | C50: SINAPI | D50: GUIA (MEIO-FIO) E SARJETA CONJUGADOS DE CONCRETO, MOLDADA IN LOCO EM TRECHO RETO COM EXTRUSORA, 45 CM BASE (15 CM BASE DA GUIA + 30 CM BASE DA SARJETA) X 22 CM ALTURA. AF_01/2024 | E50: M | F50: 220 | G50: 110,00m x 2 lados
A51: 2.3.2 | B51: 90106 | C51: SINAPI | D51: ESCAVAÇÃO MECANIZADA DE VALA COM PROFUNDIDADE ATÉ 1,5 M (MÉDIA MONTANTE E JUSANTE/UMA COMPOSIÇÃO POR TRECHO), RETROESCAV. (0,26 M3), LARGURA DE 0,8 M A 1,5 M, EM SOLO DE 1A CATEGORIA, LOCAIS COM BAIXO NÍVEL DE INTERFERÊNCIA. AF_09/2024 | E51: m³ | F51: 201.6 | G51: (1,20m x 1,50m x 112,00m)
A52: 2.3.3 | B52: 92214 | C52: SINAPI | D52: TUBO DE CONCRETO PARA REDES COLETORAS DE ÁGUAS PLUVIAIS, DIÂMETRO DE 800 MM, JUNTA RÍGIDA, INSTALADO EM LOCAL COM BAIXO NÍVEL DE INTERFERÊNCIAS - FORNECIMENTO E ASSENTAMENTO. AF_03/2024 | E52: M | F52: 112 | G52: 112,00 metros
A53: 2.3.4 | B53: CPU-22 | C53: Próprio | D53: BOCA DE LOBO EM CONCRETO ARMADO C/TAMPA - 1,20x1,20x1,50m | E53: UN | F53: 4 | G53: 4,00 unidades
A54: 2.3.5 | B54: 93379 | C54: SINAPI | D54: REATERRO MECANIZADO DE VALA COM RETROESCAVADEIRA (CAPACIDADE DA CAÇAMBA DA RETRO: 0,26 M³/POTÊNCIA: 88 HP), LARGURA 0,8 A 1,5 M, PROFUNDIDADE ATÉ 1,5 M, COM SOLO (SEM SUBSTITUIÇÃO) DE 1ª CATEGORIA, COM COMPACTADOR DE SOLOS DE PERCUSSÃO AF_08/2023 | E54: m³ | F54: 145.33 | G54: (201,60m³ - 3,14 x 0,40m x 0,40m x 112,00m)
A55: 2.4 | D55: PAVIMENTAÇÃO
A56: 2.4.1 | B56: 92394 | C56: SINAPI | D56: EXECUÇÃO DE PAVIMENTO EM PISO INTERTRAVADO, COM BLOCO SEXTAVADO DE 25 X 25 CM, ESPESSURA 8 CM. AF_10/2022 | E56: m² | F56: 715 | G56: (146,00m x 5,27m)+(201,00m x 6,48m)
A57: 2.5 | D57: CALÇADA
A58: 2.5.1 | B58: 030011 | C58: SEDOP | D58: Aterro incluindo carga, descarga, transporte e apiloamento | E58: m³ | F58: 21.12 | G58: (110,00m x 1,20m x 0,16m)
A59: 2.5.2 | B59: 94990 | C59: SINAPI | D59: EXECUÇÃO DE PASSEIO (CALÇADA) OU PISO DE CONCRETO COM CONCRETO MOLDADO IN LOCO, FEITO EM OBRA, ACABAMENTO CONVENCIONAL, NÃO ARMADO. AF_08/2022 | E59: m³ | F59: 7.92 | G59: (110,00m x 1,20m x 0,06m)
A60: 2.5.3 | B60: MGC - 30 | C60: Próprio | D60: EXECUÇÃO DE MURETA GUIA PARA CONTENÇÃO COM 30 CM X 15CM DE ESPESSURA | E60: M | F60: 110 | G60: 110,00 metros
A61: 2.5.4 | B61: 104658 | C61: SINAPI | D61: PISO PODOTÁTIL DE ALERTA OU DIRECIONAL, DE CONCRETO, ASSENTADO SOBRE ARGAMASSA. AF_03/2024 | E61: m² | F61: 27.72 | G61: (75,14m²+101,68m²)
A62: 2.6 | D62: SINALIZAÇÃO VIÁRIA
A63: 2.6.1 | B63: PLI | C63: Próprio | D63: PLACA DE IDENTIFICAÇÃO NR DE RUA, DIMENSÕES DE 45x25CM, FORN. E INSTALAÇÃO | E63: PT | F63: 2 | G63: 2,00 pontos
A64: 2.6.2 | B64: PLS | C64: Próprio | D64: PLACA DE SINALIZAÇÃO VIÁRIA TOTALMENTE REFLEXIVA | E64: UN | F64: 2 | G64: 2,00 unidades
A65: 2.7 | D65: LIMPEZA FINAL DA OBRA
A66: 2.7.1 | B66: 99811 | C66: SINAPI | D66: LIMPEZA DE CONTRAPISO COM VASSOURA A SECO. AF_04/2019 | E66: m² | F66: 946 | G66: (110,00m x 8,60m)

Sheet CRONOGRAMA
A2: PREFEITURA MUNICIPAL DE BREVES
A3: SECRETARIA MUNICIPAL DE DESENVOLVIMENTO ECONÔMICO, PROJETOS E CONVÊNIOS
A5: OBRA: PAVIMENTAÇÃO DE VIAS URBANAS | H5: BDI: | I5: 0.2338
A6: LOCAL: BAIRRO: RIACHO DOCE / SANTA CRUZ - BREVES - PA | H6: PRAZO DE EXECUÇÃO: | I6: 180 Dias
A7: REF. DE PREÇOS: SINAPI 12/2025 - SEOP 10/2025 - ORSE - 09/2025 - NÃO DESONERADO | G7: VALOR TOTAL: | H7: ='Orçamento Sintético'!I66 -> 1103183.3
H8: DATA: | I8: 46037
A9: Cronograma Físico e Financeiro
A10: Item | B10: Descrição | C10: Total Por Etapa | D10: 30 DIAS | E10: 60 DIAS | F10: 90 DIAS | G10: 120 DIAS | H10: 150 DIAS | I10: 180 DIAS
A11: 1.1/2.1 | B11: SERVIÇOS PRELIMINARES | C11: 100,00% 18023,52 | D11: 100,00% 18.023,52
A12: 1.2/2.2 | B12: MOVIMENTO DE TERRA | C12: 100,00% 158.512,79 | D12: 50,00% 79.256,39 | E12: 50,00% 79.256,40
A13: 1.2/2.3 | B13: DRENAGEM | C13: 100,00% 252.547,27 | E13: 50,00% 126.273,64 | F13: 50,00% 126.273,63
A14: 1.4/2.4 | B14: PAVIMENTAÇÃO EM BLOKRET | C14: 100,00% 394.625,04 | F14: 30,00% 118.387,51 | G14: 40,00% 157.850,02 | H14: 30,00% 118.387,51
A15: 1.5/2.5 | B15: CALÇADA PÚBLICA | C15: 100,00% 256.204,33 | G15: 30,00% 76.861.29 | H15: 40,00% 102.481,75 | I15: 30,00% 76.861.29
A16: 1.6/2.6 | B16: SINALIZAÇÃO VIARIA | C16: 100,00% 6.908,38 | I16: 100,00% 6.908,38
A17: 1.7 | B17: DEMOLIÇÃO E EXECUÇÃO DE CALÇADA | C17: 100,00% 12.573,69 | E17: 50,00% 6.286,85 | F17: 30,00% 3.772,11 | G17: 20,00% 2.514,73
A18: 1.8/2.7 | B18: LIMPEZA FINAL DA OBRA | C18: 100,00% 3.788,33 | I18: 100,00% 3.788,33
A19: Porcentagem | C19: ='Orçamento Sintético'!I66 -> 1103183.3 | D19: =D20/$C$19 -> 0.08818109 | E19: =E20/$C$19 -> 0.19200515 | F19: =F20/$C$19 -> 0.2251967 | G19: =G20/$C$19 -> 0.21503773 | H19: =H20/$C$19 -> 0.20021084 | I19: =I20/$C$19 -> 0.079368493
A20: Custo | D20: 97279.91 | E20: 211816.89 | F20: 248433.25 | G20: 237226.04 | H20: 220869.26 | I20: 87558
A21: Porcentagem Acumulado | D21: =D19 -> 0.08818109 | E21: =D21+E19 -> 0.28018624 | F21: =E21+F19 -> 0.50538294 | G21: =F21+G19 -> 0.72042067 | H21: =G21+H19 -> 0.92063151 | I21: =H21+I19 -> 1
A22: Custo Acumulado | D22: =D20 -> 97279.91 | E22: =D22+E20 -> 309096.8 | F22: =E22+F20 -> 557530.05 | G22: =F22+G20 -> 794756.09 | H22: =G22+H20 -> 1015625.4 | I22: =H22+I20 -> 1103183.4

Sheet BDI
A2: PREFEITURA MUNICIPAL DE BREVES
A3: SECRETARIA MUNICIPAL DE DESENVOLVIMENTO ECONÔMICO, PROJETOS E CONVÊNIOS
A4: OBRA: PAVIMENTAÇÃO DE VIAS URBANAS
A5: LOCAL: BAIRRO: RIACHO DOCE / SANTA CRUZ- BREVES - PA
A6: REF. DE PREÇOS: SINAPI 12/2025 - SEOP 10/2025 - ORSE - 09/2025 - NÃO DESONERADO
A7: DATA: | B7: 46037 | F7: BDI: 23,38% | H7: PRAZO:180 Dias
A8: PLANILHA DE BDI PARA OBRAS E SERVIÇOS DE ENGENHARIA
A9: Item | B9: Parcela do BDI
A10: 1 | B10: AC = Taxa de Administração Central | I10: 0.038
A11: 2 | B11: S e G = Taxas de Seguro e Garantia | I11: 0.0032
A12: 3 | B12: R = Taxa de Risco | I12: 0.005
A13: 4 | B13: DF = Taxa de Despesas Financeiras | I13: 0.0102
A14: 5 | B14: L = Taxa de Lucro / Remuneração | I14: 0.0664
A15: 6 | B15: I = Taxa de incidência de Impostos (PIS, COFINS, e ISS) | I15: =I21 -> 0.0865
A16: Item | B16: Impostos
A17: 6.1 | B17: ISS | I17: 0.05
A18: 6.3 | B18: PIS | I18: 0.0065
A19: 6.3 | B19: COFINS | I19: 0.03
A20: 6.4 | B20: CPRB | I20: 0
G21: Total Impostos = | I21: =SUM(I17:I20) -> 0.0865
A22: Fórmula para o cálculo de BDI
I23: =(((1+I10+I11+I12)*(1+I13)*(1+I14))/(1-I15))-1 -> 0.23376846

Sheet PCU
A1: PREFEITURA MUNICIPAL DE BREVES
A2: SECRETARIA MUNICIPAL DE DESENVOLVIMENTO ECONÔMICO, PROJETOS E CONVÊNIOS
A4: OBRA: PAVIMENTAÇÃO DE VIAS URBANAS | I4: BDI: | J4: 0.2338
A5: LOCAL: BAIRRO: RIACHO DOCE / SANTA CRUZ - BREVES - PA | I5: PRAZO DE EXECUÇÃO: | J5: 180 Dias
A6: REF. DE PREÇOS: SINAPI 12/2025 - SEOP 10/2025 - ORSE - 09/2025 - NÃO DESONERADO | H6: VALOR TOTAL: | I6: ='Orçamento Sintético'!I66 -> 1103183.3
I7: DATA: | J7: 46037
A8: Planilha Orçamentária Analítica
A9: 1.1/2.1 | D9: SERVIÇOS PRELIMINARES
A10: 1.1.1/2.1.1 | B10: Código | C10: Banco | D10: Descrição | E10: Tipo | G10: Und | H10: Quant. | I10: Valor Unit | J10: Total
A11: Composição | B11: 103689 | C11: SINAPI | D11: FORNECIMENTO E INSTALAÇÃO DE PLACA DE OBRA COM CHAPA GALVANIZADA E ESTRUTURA DE MADEIRA. AF_03/2022_PS | E11: Sinalização Vertical Viária | G11: m² | H11: 1 | I11: 475.04 | J11: 475.04
A12: Composição Auxiliar | B12: 102234 | C12: SINAPI | D12: PINTURA IMUNIZANTE PARA MADEIRA, 2 DEMÃOS. AF_01/2021 | E12: Pintura em Madeira | G12: m² | H12: 0.5 | I12: 28.2 | J12: 14.1
A13: Composição Auxiliar | B13: 88262 | C13: SINAPI | D13: CARPINTEIRO DE FORMAS COM ENCARGOS COMPLEMENTARES | E13: Livro SINAPI: Cálculos e Parâmetros | G13: H | H13: 0.3729 | I13: 31.67 | J13: 11.8
A14: Composição Auxiliar | B14: 88316 | C14: SINAPI | D14: SERVENTE COM ENCARGOS COMPLEMENTARES | E14: Livro SINAPI: Cálculos e Parâmetros | G14: H | H14: 1.1186 | I14: 26.11 | J14: 29.2
A15: Insumo | B15: 00004509 | C15: SINAPI | D15: SARRAFO *2,5 X 10* CM EM PINUS, MISTA OU EQUIVALENTE DA REGIAO - BRUTA | E15: Material | G15: M | H15: 3.2083 | I15: 6.04 | J15: 19.37
A16: Insumo | B16: 00005069 | C16: SINAPI | D16: PREGO DE ACO POLIDO COM CABECA 17 X 27 (2 1/2 X 11) | E16: Material | G16: KG | H16: 0.0132 | I16: 16.98 | J16: 0.22
A17: Insumo | B17: 00005065 | C17: SINAPI | D17: PREGO DE ACO POLIDO COM CABECA 10 X 10 (7/8 X 17) | E17: Material | G17: KG | H17: 0.0113 | I17: 31.69 | J17: 0.35
A18: Insumo | B18: 00004813 | C18: SINAPI | D18: PLACA DE OBRA (PARA CONSTRUCAO CIVIL) EM CHAPA GALVANIZADA *N. 22*, ADESIVADA, DE *2,4 X 1,2* M (SEM POSTES PARA FIXACAO) | E18: Material | G18: m² | H18: 1 | I18: 400 | J18: 400
E19: MO sem LS => | F19: 31.52 | G19: LS => | H19: 0 | I19: MO com LS => | J19: 31.52
E20: Valor do BDI => | F20: 111.06 | H20: Valor com BDI => | J20: 586.1
A22: 1.1.2/2.1.2 | B22: Código | C22: Banco | D22: Descrição | E22: Tipo | G22: Und | H22: Quant. | I22: Valor Unit | J22: Total
A23: Composição | B23: 98525 | C23: SINAPI | D23: LIMPEZA MECANIZADA DE CAMADA VEGETAL, VEGETAÇÃO E PEQUENAS ÁRVORES (DIÂMETRO DE TRONCO MENOR QUE 0,20 M), COM TRATOR DE ESTEIRAS. AF_03/2024 | E23: Supressão Vegetal | G23: m² | H23: 1 | I23: 0.72 | J23: 0.72
A24: Composição Auxiliar | B24: 89031 | C24: SINAPI | D24: TRATOR DE ESTEIRAS, POTÊNCIA 100 HP, PESO OPERACIONAL 9,4 T, COM LÂMINA 2,19 M3 - CHI DIURNO. AF_06/2014 | E24: Custos Horários Produtivo e Improdutivo dos Equipamentos | G24: CHI | H24: 0.0029 | I24: 84.13 | J24: 0.24
A25: Composição Auxiliar | B25: 88441 | C25: SINAPI | D25: JARDINEIRO COM ENCARGOS COMPLEMENTARES | E25: Livro SINAPI: Cálculos e Parâmetros | G25: H | H25: 0.0046 | I25: 27.33 | J25: 0.12
A26: Composição Auxiliar | B26: 89032 | C26: SINAPI | D26: TRATOR DE ESTEIRAS, POTÊNCIA 100 HP, PESO OPERACIONAL 9,4 T, COM LÂMINA 2,19 M3 - CHP DIURNO. AF_06/2014 | E26: Custos Horários Produtivo e Improdutivo dos Equipamentos | G26: CHP | H26: 0.0017 | I26: 212.72 | J26: 0.36
E27: MO sem LS => | F27: 0.19 | G27: LS => | H27: 0 | I27: MO com LS => | J27: 0.19
E28: Valor do BDI => | F28: 0.16 | H28: Valor com BDI => | J28: 0.88
A30: 1.1.3/2.1.3 | B30: Código | C30: Banco | D30: Descrição | E30: Tipo | G30: Und | H30: Quant. | I30: Valor Unit | J30: Total
A31: Composição | B31: 2605 | C31: ORSE | D31: Locação de serviços de pavimentação | E31: Pavimentação em Paralepípedo ou com Peças Pré-moldadas de Concreto | G31: m² | H31: 1 | I31: 1.43 | J31: 1.43
A32: Item | B32: Código | C32: Banco | D32: Descrição | E32: Tipo | G32: Und | H32: Quant. | I32: Valor Unit | J32: Total
A33: Insumo | B33: 48 | C33: ORSE | D33: Auxiliar topografia - SICRO | E33: Mão de Obra | G33: h | H33: 0.036 | I33: 21,66 | J33: 0,77
A34: Insumo | B34: 70 | C34: ORSE | D34: Topógrafo - SICRO | E34: Mão de Obra | G34: h | H34: 0.018 | I34: 36,76 | J34: 0,66
A35: Detalhamento de Cálculo ORSE
A36: Item | B36: Código | C36: Banco | D36: Descrição | E36: Tipo | G36: Und | H36: Quant. | I36: Valor Unit | J36: Total
A37: Insumo | B37: 48 | C37: ORSE | D37: Auxiliar topografia - SICRO | E37: Mão de Obra | G37: h | H37: 0.036 | I37: 21,66 | J37: 0,77
A38: Insumo | B38: 70 | C38: ORSE | D38: Topógrafo - SICRO | E38: Mão de Obra | G38: h | H38: 0.018 | I38: 36,76 | J38: 0,66
E39: MO sem LS => | F39: 1.43 | G39: LS => | H39: 0 | I39: MO com LS => | J39: 1.43
E40: Valor do BDI => | F40: 0.33 | H40: Valor com BDI => | J40: 1.76
A42: 1.2/2.2 | D42: MOVIMENTO DE TERRA | J42: 129870.28
A43: 1.2.1/2.2.1 | B43: Código | C43: Banco | D43: Descrição | E43: Tipo | G43: Und | H43: Quant. | I43: Valor Unit | J43: Total
A44: Composição | B44: 030011 | C44: SEDOP | D44: Aterro incluindo carga, descarga, transporte e apiloamento | E44: 0 | G44: m³ | H44: 1 | I44: 156.75 | J44: 156.75
A45: Composição Auxiliar | B45: 280026 | C45: SEDOP | D45: SERVENTE COM ENCARGOS COMPLEMENTARES | E45: 0 | G45: h | H45: 3 | I45: 26.13 | J45: 78.39
A46: Insumo | B46: J00001 | C46: SEDOP | D46: Aterro arenoso | E46: Material | G46: m³ | H46: 1.25 | I46: 61.39 | J46: 76.73
A47: Insumo | B47: M00006 | C47: SEDOP | D47: Compactador de solo CM-13 | E47: Equipamento | G47: h | H47: 0.3 | I47: 5.45 | J47: 1.63
E48: MO sem LS => | F48: 49.14 | G48: LS => | H48: 0 | I48: MO com LS => | J48: 49.14
E49: Valor do BDI => | F49: 36.64 | H49: Valor com BDI => | J49: 193.39
A51: 1.2.2/2.2.2 | B51: Código | C51: Banco | D51: Descrição | E51: Tipo | G51: Und | H51: Quant. | I51: Valor Unit | J51: Total
A52: Composição | B52: 96386 | C52: SINAPI | D52: EXECUÇÃO E COMPACTAÇÃO DE CORPO DE ATERRO (95% DE ENERGIA DO PROCTOR NORMAL) COM SOLO PREDOMINANTEMENTE ARENOSO ESPESSURA 15CM - EXCLUSIVE MATERIAL, ESCAVAÇÃO, CARGA E TRANSPORTE. AF_09/2024 | E52: Aterros, Bases, Sub bases e Imprimações | G52: m³ | H52: 1 | I52: 6.86 | J52: 6.86
A53: Composição Auxiliar | B53: 88316 | C53: SINAPI | D53: SERVENTE COM ENCARGOS COMPLEMENTARES | E53: Livro SINAPI: Cálculos e Parâmetros | G53: H | H53: 0.0154259 | I53: 26.11 | J53: 0.4
A54: Composição Auxiliar | B54: 5903 | C54: SINAPI | D54: CAMINHÃO PIPA 10.000 L TRUCADO, PESO BRUTO TOTAL 23.000 KG, CARGA ÚTIL MÁXIMA 15.935 KG, DISTÂNCIA ENTRE EIXOS 4,8 M, POTÊNCIA 230 CV, INCLUSIVE TANQUE DE AÇO PARA TRANSPORTE DE ÁGUA - CHI DIURNO. AF_06/2014 | E54: Custos Horários Produtivo e Improdutivo dos Equipamentos | G54: CHI | H54: 0.0111688 | I54: 81.02 | J54: 0.9
A55: Composição Auxiliar | B55: 5901 | C55: SINAPI | D55: CAMINHÃO PIPA 10.000 L TRUCADO, PESO BRUTO TOTAL 23.000 KG, CARGA ÚTIL MÁXIMA 15.935 KG, DISTÂNCIA ENTRE EIXOS 4,8 M, POTÊNCIA 230 CV, INCLUSIVE TANQUE DE AÇO PARA TRANSPORTE DE ÁGUA - CHP DIURNO. AF_06/2014 | E55: Custos Horários Produtivo e Improdutivo dos Equipamentos | G55: CHP | H55: 0.004257 | I55: 339.62 | J55: 1.44
A56: Composição Auxiliar | B56: 5932 | C56: SINAPI | D56: MOTONIVELADORA POTÊNCIA BÁSICA LÍQUIDA (PRIMEIRA MARCHA) 125 HP, PESO BRUTO 13032 KG, LARGURA DA LÂMINA DE 3,7 M - CHP DIURNO. AF_06/2014 | E56: Custos Horários Produtivo e Improdutivo dos Equipamentos | G56: CHP | H56: 0.0045112 | I56: 280.69 | J56: 1.26
A57: Composição Auxiliar | B57: 96463 | C57: SINAPI | D57: ROLO COMPACTADOR DE PNEUS, ESTÁTICO, PRESSÃO VARIÁVEL, POTÊNCIA 110 HP, PESO SEM/COM LASTRO 10,8/27 T, LARGURA DE ROLAGEM 2,30 M - CHP DIURNO. AF_06/2017 | E57: Custos Horários Produtivo e Improdutivo dos Equipamentos | G57: CHP | H57: 0.0031484 | I57: 202.45 | J57: 0.63
A58: Composição Auxiliar | B58: 5934 | C58: SINAPI | D58: MOTONIVELADORA POTÊNCIA BÁSICA LÍQUIDA (PRIMEIRA MARCHA) 125 HP, PESO BRUTO 13032 KG, LARGURA DA LÂMINA DE 3,7 M - CHI DIURNO. AF_06/2014 | E58: Custos Horários Produtivo e Improdutivo dos Equipamentos | G58: CHI | H58: 0.0109146 | I58: 109.98 | J58: 1.2
A59: Composição Auxiliar | B59: 96464 | C59: SINAPI | D59: ROLO COMPACTADOR DE PNEUS, ESTÁTICO, PRESSÃO VARIÁVEL, POTÊNCIA 110 HP, PESO SEM/COM LASTRO 10,8/27 T, LARGURA DE ROLAGEM 2,30 M - CHI DIURNO. AF_06/2017 | E59: Custos Horários Produtivo e Improdutivo dos Equipamentos | G59: CHI | H59: 0.0122774 | I59: 84.05 | J59: 1.03
E60: MO sem LS => | F60: 1.47 | G60: LS => | H60: 0 | I60: MO com LS => | J60: 1.47
E61: Valor do BDI => | F61: 1.6 | H61: Valor com BDI => | J61: 8.46
A63: 1.3/2.3 | D63: DRENAGEM | J63: 147914.09
A64: 1.3.1/2.3.1 | B64: Código | C64: Banco | D64: Descrição | E64: Tipo | G64: Und | H64: Quant. | I64: Valor Unit | J64: Total
A65: Composição | B65: GMS | C65: Próprio | D65: GUIA (MEIO-FIO) E SARJETA CONJUGADOS DE CONCRETO, MOLDADA IN LOCO, 45 CM BASE (15 CM BASE DA GUIA + 30 CM BASE DA SARJETA) X 22 CM ALTURA. | E65: ASTU - ASSENTAMENTO DE TUBOS E PECAS | G65: M | H65: 1 | I65: 75.27 | J65: 75.27
A66: Composição Auxiliar | B66: 88316 | C66: SINAPI | D66: SERVENTE COM ENCARGOS COMPLEMENTARES | E66: Livro SINAPI: Cálculos e Parâmetros | G66: H | H66: 0.2776 | I66: 26.11 | J66: 7.24
A67: Composição Auxiliar | B67: 102474 | C67: SINAPI | D67: CONCRETO FCK = 15MPA, TRAÇO 1:3,4:3,4 (EM MASSA SECA DE CIMENTO/ AREIA MÉDIA/ SEIXO ROLADO) - PREPARO MECÂNICO COM BETONEIRA 400 L. AF_05/2021 | E67: Produção de Concreto | G67: m³ | H67: 0.0845 | I67: 639.65 | J67: 54.05
A68: Composição Auxiliar | B68: 88309 | C68: SINAPI | D68: PEDREIRO COM ENCARGOS COMPLEMENTARES | E68: Livro SINAPI: Cálculos e Parâmetros | G68: H | H68: 0.2776 | I68: 32.1 | J68: 8.91
A69: Insumo | B69: 00004517 | C69: SINAPI | D69: SARRAFO *2,5 X 7,5* CM EM PINUS, MISTA OU EQUIVALENTE DA REGIAO - BRUTA | E69: Material | G69: M | H69: 0.2 | I69: 4.17 | J69: 0.83
A70: Insumo | B70: 00000370 | C70: SINAPI | D70: AREIA MEDIA - POSTO JAZIDA/FORNECEDOR (RETIRADO NA JAZIDA, SEM TRANSPORTE) | E70: Material | G70: m³ | H70: 0.0149 | I70: 120 | J70: 1.78
A71: Insumo | B71: 00006212 | C71: SINAPI | D71: TABUA *2,5 X 30 CM EM PINUS, MISTA OU EQUIVALENTE DA REGIAO - BRUTA | E71: Material | G71: M | H71: 0.125 | I71: 19.75 | J71: 2.46
E72: MO sem LS => | F72: 16.61 | G72: LS => | H72: 0 | I72: MO com LS => | J72: 16.61
E73: Valor do BDI => | F73: 17.59 | H73: Valor com BDI => | J73: 92.86
A75: 1.3.2 /2.3.2 | B75: Código | C75: Banco | D75: Descrição | E75: Tipo | G75: Und | H75: Quant. | I75: Valor Unit | J75: Total
A76: Composição | B76: 90106 | C76: SINAPI | D76: ESCAVAÇÃO MECANIZADA DE VALA COM PROFUNDIDADE ATÉ 1,5 M (MÉDIA MONTANTE E JUSANTE/UMA COMPOSIÇÃO POR TRECHO), RETROESCAV. (0,26 M3), LARGURA DE 0,8 M A 1,5 M, EM SOLO DE 1A CATEGORIA, LOCAIS COM BAIXO NÍVEL DE INTERFERÊNCIA. AF_09/2024 | E76: Escavação de Valas | G76: m³ | H76: 1 | I76: 9.02 | J76: 9.02
A77: Composição Auxiliar | B77: 5678 | C77: SINAPI | D77: RETROESCAVADEIRA SOBRE RODAS COM CARREGADEIRA, TRAÇÃO 4X4, POTÊNCIA LÍQ. 88 HP, CAÇAMBA CARREG. CAP. MÍN. 1 M3, CAÇAMBA RETRO CAP. 0,26 M3, PESO OPERACIONAL MÍN. 6.674 KG, PROFUNDIDADE ESCAVAÇÃO MÁX. 4,37 M - CHP DIURNO. AF_06/2014 | E77: Custos Horários Produtivo e Improdutivo dos Equipamentos | G77: CHP | H77: 0.030692 | I77: 159.05 | J77: 4.88
A78: Composição Auxiliar | B78: 88316 | C78: SINAPI | D78: SERVENTE COM ENCARGOS COMPLEMENTARES | E78: Livro SINAPI: Cálculos e Parâmetros | G78: H | H78: 0.0653122 | I78: 26.11 | J78: 1.7
A79: Composição Auxiliar | B79: 5679 | C79: SINAPI | D79: RETROESCAVADEIRA SOBRE RODAS COM CARREGADEIRA, TRAÇÃO 4X4, POTÊNCIA LÍQ. 88 HP, CAÇAMBA CARREG. CAP. MÍN. 1 M3, CAÇAMBA RETRO CAP. 0,26 M3, PESO OPERACIONAL MÍN. 6.674 KG, PROFUNDIDADE ESCAVAÇÃO MÁX. 4,37 M - CHI DIURNO. AF_06/2014 | E79: Custos Horários Produtivo e Improdutivo dos Equipamentos | G79: CHI | H79: 0.0346202 | I79: 70.69 | J79: 2.44
E80: MO sem LS => | F80: 2.83 | G80: LS => | H80: 0 | I80: MO com LS => | J80: 2.83
E81: Valor do BDI => | F81: 2.1 | H81: Valor com BDI => | J81: 11.12
A83: 1.3.3 /2.3.3 | B83: Código | C83: Banco | D83: Descrição | E83: Tipo | G83: Und | H83: Quant. | I83: Valor Unit | J83: Total
A84: Composição | B84: 92214 | C84: SINAPI | D84: TUBO DE CONCRETO PARA REDES COLETORAS DE ÁGUAS PLUVIAIS, DIÂMETRO DE 800 MM, JUNTA RÍGIDA, INSTALADO EM LOCAL COM BAIXO NÍVEL DE INTERFERÊNCIAS - FORNECIMENTO E ASSENTAMENTO. AF_03/2024 | E84: Assentamento de tubos de esgoto ou drenagem pluvial em concreto | G84: M | H84: 1 | I84: 475.22 | J84: 475.22
A85: Composição Auxiliar | B85: 88316 | C85: SINAPI | D85: SERVENTE COM ENCARGOS COMPLEMENTARES | E85: Livro SINAPI: Cálculos e Parâmetros | G85: H | H85: 0.8979 | I85: 26.11 | J85: 23.44
A86: Composição Auxiliar | B86: 5632 | C86: SINAPI | D86: ESCAVADEIRA HIDRÁULICA SOBRE ESTEIRAS, CAÇAMBA 0,80 M3, PESO OPERACIONAL 17 T, POTENCIA BRUTA 111 HP - CHI DIURNO. AF_06/2014 | E86: Custos Horários Produtivo e Improdutivo dos Equipamentos | G86: CHI | H86: 0.195 | I86: 90.71 | J86: 17.68
A87: Composição Auxiliar | B87: 5631 | C87: SINAPI | D87: ESCAVADEIRA HIDRÁULICA SOBRE ESTEIRAS, CAÇAMBA 0,80 M3, PESO OPERACIONAL 17 T, POTENCIA BRUTA 111 HP - CHP DIURNO. AF_06/2014 | E87: Custos Horários Produtivo e Improdutivo dos Equipamentos | G87: CHP | H87: 0.1005 | I87: 213.02 | J87: 21.4
A88: Composição Auxiliar | B88: 88629 | C88: SINAPI | D88: ARGAMASSA TRAÇO 1:3 (EM VOLUME DE CIMENTO E AREIA MÉDIA ÚMIDA), PREPARO MANUAL. AF_08/2019 | E88: Argamassas | G88: m³ | H88: 0.0093 | I88: 912.39 | J88: 8.48
A89: Composição Auxiliar | B89: 88246 | C89: SINAPI | D89: ASSENTADOR DE TUBOS COM ENCARGOS COMPLEMENTARES | E89: Livro SINAPI: Cálculos e Parâmetros | G89: H | H89: 0.4489 | I89: 22.42 | J89: 10.06
A90: Insumo | B90: 00007750 | C90: SINAPI | D90: TUBO DE CONCRETO ARMADO PARA AGUAS PLUVIAIS, CLASSE PA-1, COM ENCAIXE PONTA E BOLSA, DIAMETRO NOMINAL DE 800 MM | E90: Material | G90: M | H90: 1.03 | I90: 382.68 | J90: 394.16
E91: MO sem LS => | F91: 30.19 | G91: LS => | H91: 0 | I91: MO com LS => | J91: 30.19
E92: Valor do BDI => | F92: 111.1 | H92: Valor com BDI => | J92: 586.32
A94: 1.3.4 /2.3.4 | B94: Código | C94: Banco | D94: Descrição | E94: Tipo | G94: Und | H94: Quant. | I94: Valor Unit | J94: Total
A95: Composição | B95: CPU-22 | C95: Próprio | D95: BOCA DE LOBO EM CONCRETO ARMADO C/TAMPA - 1,20x1,20x1,50m | E95: DROP - DRENAGEM/OBRAS DE CONTENÇÃO / POÇOS DE VISITA E CAIXAS | G95: UN | H95: 1 | I95: 2571.07 | J95: 2571.07
A96: Composição Auxiliar | B96: 92882 | C96: SINAPI | D96: ARMAÇÃO UTILIZANDO AÇO CA-25 DE 6,3 MM - MONTAGEM. AF_06/2022 | E96: Armação para Estruturas de Concreto Armado | G96: KG | H96: 20.07 | I96: 13.4 | J96: 268.93
A97: Composição Auxiliar | B97: 96536 | C97: SINAPI | D97: FABRICAÇÃO, MONTAGEM E DESMONTAGEM DE FÔRMA PARA VIGA BALDRAME, EM MADEIRA SERRADA, E=25 MM, 4 UTILIZAÇÕES. AF_01/2024 | E97: Fundações Rasas (Blocos, Sapatas, Vigas Baldrame) | G97: m² | H97: 14.4 | I97: 82.85 | J97: 1193.04
A98: Composição Auxiliar | B98: 90106 | C98: SINAPI | D98: ESCAVAÇÃO MECANIZADA DE VALA COM PROFUNDIDADE ATÉ 1,5 M (MÉDIA MONTANTE E JUSANTE/UMA COMPOSIÇÃO POR TRECHO), RETROESCAV. (0,26 M3), LARGURA DE 0,8 M A 1,5 M, EM SOLO DE 1A CATEGORIA, LOCAIS COM BAIXO NÍVEL DE INTERFERÊNCIA. AF_09/2024 | E98: Escavação de Valas | G98: m³ | H98: 2.16 | I98: 9.02 | J98: 19.48
A99: Composição Auxiliar | B99: 92759 | C99: SINAPI | D99: ARMAÇÃO DE PILAR OU VIGA DE ESTRUTURA CONVENCIONAL DE CONCRETO ARMADO UTILIZANDO AÇO CA-60 DE 5,0 MM - MONTAGEM. AF_06/2022 | E99: Armação para Estruturas de Concreto Armado | G99: KG | H99: 20.81 | I99: 14.4 | J99: 299.66
A100: Composição Auxiliar | B100: 103001 | C100: SINAPI | D100: GRELHA DE FERRO FUNDIDO SIMPLES COM REQUADRO, 150 X 1000 MM, ASSENTADA COM ARGAMASSA 1 : 3 CIMENTO: AREIA - FORNECIMENTO E INSTALAÇÃO. AF_05/2025 | E100: Canaletas, Grelhas e Caixas com Grelha para Drenagem | G100: UN | H100: 1 | I100: 196.84 | J100: 196.84
A101: Composição Auxiliar | B101: 102474 | C101: SINAPI | D101: CONCRETO FCK = 15MPA, TRAÇO 1:3,4:3,4 (EM MASSA SECA DE CIMENTO/ AREIA MÉDIA/ SEIXO ROLADO) - PREPARO MECÂNICO COM BETONEIRA 400 L. AF_05/2021 | E101: Produção de Concreto | G101: m³ | H101: 0.86 | I101: 639.65 | J101: 550.09
A102: Composição Auxiliar | B102: 94962 | C102: SINAPI | D102: CONCRETO MAGRO PARA LASTRO, TRAÇO 1:4,5:4,5 (EM MASSA SECA DE CIMENTO/ AREIA MÉDIA/ BRITA 1) - PREPARO MECÂNICO COM BETONEIRA 400 L. AF_05/2021 | E102: Produção de Concreto | G102: m³ | H102: 0.072 | I102: 597.74 | J102: 43.03
E103: MO sem LS => | F103: 718.14 | G103: LS => | H103: 0 | I103: MO com LS => | J103: 718.14
E104: Valor do BDI => | F104: 601.11 | H104: Valor com BDI => | J104: 3172.18
A106: 1.3.5/2.3.5 | B106: Código | C106: Banco | D106: Descrição | E106: Tipo | G106: Und | H106: Quant. | I106: Valor Unit | J106: Total
A107: Composição | B107: 93379 | C107: SINAPI | D107: REATERRO MECANIZADO DE VALA COM RETROESCAVADEIRA (CAPACIDADE DA CAÇAMBA DA RETRO: 0,26 M³/POTÊNCIA: 88 HP), LARGURA 0,8 A 1,5 M, PROFUNDIDADE ATÉ 1,5 M, COM SOLO (SEM SUBSTITUIÇÃO) DE 1ª CATEGORIA, COM COMPACTADOR DE SOLOS DE PERCUSSÃO AF_08/2023 | E107: Aterro e Reaterro de Valas | G107: m³ | H107: 1 | I107: 20.11 | J107: 20.11
A108: Composição Auxiliar | B108: 5679 | C108: SINAPI | D108: RETROESCAVADEIRA SOBRE RODAS COM CARREGADEIRA, TRAÇÃO 4X4, POTÊNCIA LÍQ. 88 HP, CAÇAMBA CARREG. CAP. MÍN. 1 M3, CAÇAMBA RETRO CAP. 0,26 M3, PESO OPERACIONAL MÍN. 6.674 KG, PROFUNDIDADE ESCAVAÇÃO MÁX. 4,37 M - CHI DIURNO. AF_06/2014 | E108: Custos Horários Produtivo e Improdutivo dos Equipamentos | G108: CHI | H108: 0.0551 | I108: 70.69 | J108: 3.89
A109: Composição Auxiliar | B109: 91533 | C109: SINAPI | D109: COMPACTADOR DE SOLOS DE PERCUSSÃO (SOQUETE) COM MOTOR A GASOLINA 4 TEMPOS, POTÊNCIA 4 CV - CHP DIURNO. AF_08/2015 | E109: Custos Horários Produtivo e Improdutivo dos Equipamentos | G109: CHP | H109: 0.1634 | I109: 42.39 | J109: 6.92
A110: Composição Auxiliar | B110: 5678 | C110: SINAPI | D110: RETROESCAVADEIRA SOBRE RODAS COM CARREGADEIRA, TRAÇÃO 4X4, POTÊNCIA LÍQ. 88 HP, CAÇAMBA CARREG. CAP. MÍN. 1 M3, CAÇAMBA RETRO CAP. 0,26 M3, PESO OPERACIONAL MÍN. 6.674 KG, PROFUNDIDADE ESCAVAÇÃO MÁX. 4,37 M - CHP DIURNO. AF_06/2014 | E110: Custos Horários Produtivo e Improdutivo dos Equipamentos | G110: CHP | H110: 0.0382 | I110: 159.05 | J110: 6.07
...

Sheet ENCARGOS SOCIAIS
A2: PREFEITURA MUNICIPAL DE BREVES
A3: SECRETARIA MUNICIPAL DE DESENVOLVIMENTO ECONÔMICO, PROJETOS E CONVÊNIOS
A4: OBRA: PAVIMENTAÇÃO DE VIAS URBANAS
A5: LOCAL: BAIRRO: RIACHO DOCE / SANTA CRUZ - BREVES - PA
A6: REF. DE PREÇOS: SINAPI 12/2025 - SEOP 10/2025 - ORSE - 09/2025 - NÃO DESONERADO
A7: DATA: | B7: 46037 | C7: BDI: 23,38% | E7: PRAZO:180 Dias
A8: LEIS SOCIAIS SOBRE A MÃO DE OBRA
A9: CÓDIGO | B9: DESCRIÇÃO | C9: COM DESONERAÇÃO | E9: SEM DESONERAÇÃO
C10: HORISTA (%) | D10: MENSALISTA (%) | E10: HORISTA (%) | F10: MENSALISTA (%)
A11: GRUPO A
A12: A1 | B12: INSS | C12: 0.05 | D12: 0.05 | E12: 0.2 | F12: 0.2
A13: A2 | B13: SESI | C13: 0.015 | D13: 0.015 | E13: 0.015 | F13: 0.015
A14: A3 | B14: SENAI | C14: 0.01 | D14: 0.01 | E14: 0.01 | F14: 0.01
A15: A4 | B15: INCRA | C15: 0.002 | D15: 0.002 | E15: 0.002 | F15: 0.002
A16: A5 | B16: SEBRAE | C16: 0.006 | D16: 0.006 | E16: 0.006 | F16: 0.006
A17: A6 | B17: SALÁRIO EDUCAÇÃO | C17: 0.025 | D17: 0.025 | E17: 0.025 | F17: 0.025
A18: A7 | B18: SEGURO CONTRA ACIDENTES DE TRABALHO | C18: 0.03 | D18: 0.03 | E18: 0.03 | F18: 0.03
A19: A8 | B19: FGTS | C19: 0.08 | D19: 0.08 | E19: 0.08 | F19: 0.08
A20: A9 | B20: SECONCI | C20: 0 | D20: 0 | E20: 0 | F20: 0
A21: A | B21: TOTAL | C21: =SUM(C12:C20) -> 0.218 | D21: =SUM(D12:D20) -> 0.218 | E21: =SUM(E12:E20) -> 0.368 | F21: =SUM(F12:F20) -> 0.368
A22: GRUPO B
A23: B1 | B23: REPOUSO SEMANAL REMUNERADO | C23: 0.1813 | D23: xxxxxxxxxxxxxxx | E23: 0.1813 | F23: xxxxxxxxxxxxxxx
A24: B2 | B24: FERIADOS | C24: 0.0416 | D24: xxxxxxxxxxxxxxx | E24: 0.0416 | F24: xxxxxxxxxxxxxxx
A25: B3 | B25: AUXÍLIO ENFERMIDADE | C25: 0.0087 | D25: 0.0065 | E25: 0.0087 | F25: 0.0065
A26: B4 | B26: 13º SALÁRIO | C26: 0.1122 | D26: 0.0833 | E26: 0.1122 | F26: 0.0833
A27: B5 | B27: LICENÇA PATERNIDADE | C27: 0.0007 | D27: 0.0005 | E27: 0.0007 | F27: 0.0005
A28: B6 | B28: FALTAS JUSTIFICADAS | C28: 0.0075 | D28: 0.0056 | E28: 0.0075 | F28: 0.0056
A29: B7 | B29: DIAS DE CHUVA | C29: 0.0283 | D29: xxxxxxxxxxxxxxx | E29: 0.0283 | F29: xxxxxxxxxxxxxxx
A30: B8 | B30: AUXÍLIO ACIDENTE DE TRABALHO | C30: 0.001 | D30: 0.0007 | E30: 0.001 | F30: 0.0007
A31: B9 | B31: FÉRIAS GOZADAS | C31: 0.1282 | D31: 0.0953 | E31: 0.1282 | F31: 0.0953
A32: B10 | B32: SALÁRIO MATERNIDADE | C32: 0.0003 | D32: 0.0003 | E32: 0.0003 | F32: 0.0003
A33: B | B33: TOTAL | C33: =SUM(C23:C32) -> 0.5098 | D33: =SUM(D23:D32) -> 0.1922 | E33: =SUM(E23:E32) -> 0.5098 | F33: =SUM(F23:F32) -> 0.1922
A34: GRUPO C
A35: C1 | B35: AVISO PRÉVIO INDENIZADO | C35: 0.0581 | D35: 0.0432 | E35: 0.0581 | F35: 0.0432
A36: C2 | B36: AVISO PRÉVIO TRABALHADO | C36: 0.0014 | D36: 0.001 | E36: 0.0014 | F36: 0.001
A37: C3 | B37: FÉRIAS INDENIZADAS | C37: 0.0177 | D37: 0.0131 | E37: 0.0177 | F37: 0.0131
A38: C4 | B38: DEPÓSOTO DE RECISÃO SEM JUSTA CAUSA | C38: 0.0296 | D38: 0.022 | E38: 0.0296 | F38: 0.022
A39: C5 | B39: INDENIZAÇÃO ADICIONAL | C39: 0.0049 | D39: 0.0036 | E39: 0.0049 | F39: 0.0036
A40: C | B40: TOTAL | C40: =SUM(C35:C39) -> 0.1117 | D40: =SUM(D35:D39) -> 0.0829 | E40: =SUM(E35:E39) -> 0.1117 | F40: =SUM(F35:F39) -> 0.0829
A41: GRUPO D
A42: D1 | B42: REINCIDÊNCIA DO GRUPO "A" SOBRE O GRUPO "B" | C42: 0.1055 | D42: 0.0377 | E42: 0.1876 | F42: 0.0707
A43: D2 | B43: TRABALHO E REINCIDÊNCIA DE FGTS SOBRE AVISO PRÉVIO INDENIZADO | C43: 0.005 | D43: 0.0037 | E43: 0.0052 | F43: 0.0038
A44: D | B44: TOTAL | C44: =SUM(C42:C43) -> 0.1105 | D44: =SUM(D42:D43) -> 0.0414 | E44: =SUM(E42:E43) -> 0.1928 | F44: =SUM(F42:F43) -> 0.0745
A45: TOTAL (A + B + C + D) | C45: =C21+C33+C40+C44 -> 0.95 | D45: =D21+D33+D40+D44 -> 0.5345 | E45: =E21+E33+E40+E44 -> 1.1823 | F45: =F21+F33+F40+F44 -> 0.7176

Sheet MAIOR RELEVANCIA
A2: PREFEITURA MUNICIPAL DE BREVES
A3: SECRETARIA MUNICIPAL DE DESENVOLVIMENTO ECONÔMICO, PROJETOS E CONVÊNIOS
A5: OBRA: PAVIMENTAÇÃO DE VIAS URBANAS | H5: BDI: | I5: 0.2338
A6: LOCAL: BAIRRO: RIACHO DOCE / SANTA CRUZ- BREVES - PA | H6: PRAZO DE EXECUÇÃO: | I6: 180 Dias
A7: REF. DE PREÇOS: SINAPI 12/2025 - SEOP 10/2025 - ORSE - 09/2025 - NÃO DESONERADO | H7: VALOR TOTAL: | I7: ='Orçamento Sintético'!I66 -> 1103183.3
H8: DATA: | I8: 46037
A9: Planilha de Maior Relevância
A10: ITEM | B10: CÓDIGO | C10: FONTE | D10: DESCRIÇÃO DOS SERVIÇOS | E10: UN. | F10: QUANT. | G10: PESO FINANCEIRO(%) | H10: QUANTIDADE MÍNIMA EXIGIDA 25% | I10: QUALIFICAÇÃO PROFISSIONAL- PROFISSIONAL C/CAPACIDADE TÉCNICA EXIGIDO
A11: 1.4.1/2.4.1 | B11: 92394 | C11: SINAPI | D11: EXECUÇÃO DE PAVIMENTO EM PISO INTERTRAVADO, COM BLOCO SEXTAVADO DE 25 X 25 CM, ESPESSURA 8 CM. AF_10/2022 | E11: m² | F11: 2786.9 | G11: 0.3622 | H11: =ROUND(F11*25%,2) -> 696.73 | I11: ENGENHEIRO(A) CIVIL OU ARQUITETO(A)
A12: 1.2.1/1.5.1/2.2.1/2.5.1 | B12: 030011 | C12: SEOP | D12: Aterro incluindo carga, descarga, transporte e apiloamento | E12: m³ | F12: 939.67 | G12: 0.1647 | H12: =ROUND(F12*25%,2) -> 234.92 | I12: ENGENHEIRO(A) CIVIL OU ARQUITETO(A)
A13: 1.3.3/2.3.3 | B13: 92214 | C13: SINAPI | D13: TUBO DE CONCRETO PARA REDES COLETORAS DE ÁGUAS PLUVIAIS, DIÂMETRO DE 800 MM, JUNTA RÍGIDA, INSTALADO EM LOCAL COM BAIXO NÍVEL DE INTERFERÊNCIAS - FORNECIMENTO E ASSENTAMENTO. AF_03/2024 | E13: M | F13: 215 | G13: 0.1143 | H13: =ROUND(F13*25%,2) -> 53.75 | I13: ENGENHEIRO(A) CIVIL OU ARQUITETO(A)
